 Dungeon Crawl Stone Soup version 0.19-a0-1097-g38e3b35 (webtiles) character file.

46 FrancescoMac the Chopper (level 3, -16/31 HPs)
             Began as a Minotaur Gladiator on Aug 8, 2016.
             Demolished by FrancescoMac's ghost (17 damage)
             ... on level 3 of the Dungeon.
             The game lasted 00:06:08 (1158 turns).

FrancescoMac the Chopper (Minotaur Gladiator)       Turns: 1158, Time: 00:06:08

Health: -16/31     AC:  6    Str: 19    XL:     3   Next: 46%
Magic:  2/2        EV: 13    Int:  5    God:
Gold:   132        SH:  0    Dex: 11    Spells: 0 memorised, 2 levels left

rFire  . . .     SeeInvis .     a - +0 war axe
rCold  . . .     Gourm    .     p - +3 leather armour
rNeg   . . .     Faith    .     (no shield)
rPois  .         Spirit   .     c - +0 hat
rElec  .         Dismiss  .     (no cloak)
rCorr  .         Reflect  .     (no gloves)
SustAt .         Harm     .     (no boots)
MR     .....                    (no amulet)
Stlth  +.........               (no ring)
                                (no ring)

@: very slightly contaminated, drained, invisible
A: retaliatory headbutt, horns 2
a: no special abilities


You were on level 3 of the Dungeon.
You were not hungry.

You visited 1 branch of the dungeon, and saw 3 of its levels.

You collected 132 gold pieces.

Inventory:

Hand Weapons
 a - a +0 war axe (weapon)
Missiles
 d - 3 throwing nets (quivered)
Armour
 b - a +0 leather armour
 c - a +0 hat (worn)
 p - a +3 leather armour (worn)
Scrolls
 g - a scroll of blinking {unknown}
 h - a scroll of amnesia {unknown}
 j - a scroll of noise {unknown}
 k - a scroll of remove curse
 m - 2 scrolls of fog {unknown}
 o - a scroll of teleportation {unknown}
Potions
 e - a potion of cancellation
 q - a potion of mutation
 r - a potion of heal wounds {unknown}
 s - a potion of curing
 t - a potion of ambrosia
Comestibles
 f - a bread ration


   Skills:
 + Level 3.1(2.7) Fighting
 + Level 4.0(3.6) Axes
 + Level 2.6(2.3) Throwing
 + Level 3.8(3.5) Dodging


You had 2 spell levels left.
You didn't know any spells.

Dungeon Overview and Level Annotations

Branches:
Dungeon (3/15)

Altars:
Dithmenos
Nemelex Xobeh
Okawaru

Annotations:
D:3 FrancescoMac's ghost, amateur TrMo


Innate Abilities, Weirdness & Mutations

You reflexively headbutt those who attack you in melee.
You have a pair of horns on your head.


Message History

FrancescoMac's ghost hits you.
* * * LOW HITPOINT WARNING * * *
You are too injured to fight recklessly!
You are too injured to fight recklessly!
You fade into invisibility!
FrancescoMac's ghost barely misses you. You furiously retaliate!
You headbutt FrancescoMac's ghost, but do no damage.
You are very lightly contaminated with residual magic.
You strike the helpless FrancescoMac's ghost from behind!
You hit FrancescoMac's ghost.
You headbutt FrancescoMac's ghost, but do no damage.
FrancescoMac's ghost is heavily damaged.
FrancescoMac's ghost hits you.
* * * LOW HITPOINT WARNING * * *
FrancescoMac's ghost hits you but does no damage.
You hit FrancescoMac's ghost but do no damage.
FrancescoMac's ghost is heavily damaged.
FrancescoMac's ghost hits you!
Ouch! That really hurt!
You die...

#####.. ##......
###### ##..#...
#.....##.....##
..............##
...............#
.........<.....#
...............#
......W@.......#
..............$#
....._.!<......#
..............##
#...=.##.....##
###### #######


You could see FrancescoMac's ghost.

Vanquished Creatures
  An ooze (D:2)
  A worm (D:2)
  A dart slug (D:1)
  A giant gecko (D:2)
  5 bats
  A giant cockroach (D:1)
  2 goblins
  3 hobgoblins (D:1)
  5 jackals
  7 kobolds
  4 giant newts
  3 rats
34 creatures vanquished.

Notes
Turn   | Place    | Note
-------+----------+-------------------------------------------
     0 | D:1      | FrancescoMac the Minotaur Gladiator began the quest for the Orb.
     0 | D:1      | Reached XP level 1. HP: 18/18 MP: 0/0
   212 | D:1      | Reached XP level 2. HP: 20/25 MP: 1/1
   510 | D:2      | Found a sparkling altar of Nemelex Xobeh.
   549 | D:2      | Found a shadowy altar of Dithmenos.
   565 | D:2      | Reached skill level 4 in Axes
   587 | D:2      | Reached XP level 3. HP: 29/30 MP: 2/2
  1150 | D:3      | Found an iron altar of Okawaru.
  1150 | D:3      | Noticed FrancescoMac's ghost (amateur TrMo)
  1157 | D:3      | HP: 1/31 [FrancescoMac's ghost (5)]
  1158 | D:3      | Demolished by FrancescoMac's ghost

Vault maps used:
D:1:      eino_arrival_water_cross, minmay_pentomino_o4
D:2:      old_standard_altar, grunt_dithmenos_smoke_and_mirrors,
          grunt_decor_one_mirror
D:3:      kennysheep_slugbush, overflow_temple_1_default, first_bread,
          kennysheep_generic_room_11

Skill      XL: |  1  2  3 |
---------------+----------+-----
Axes           | 4 |  4.0
Fighting       | 3 |  3.1
Throwing       | |  2.6
Dodging        | |  3.8

Action                   || total
-------------------------++-------
Melee: War axe           ||    71
       Headbutt          ||    13
  Use: Scroll            ||     6
       Potion            ||     1
 Stab: Invisible         ||     1
  Eat: Bread ration      ||     1
Armor: Leather armour    ||    22
Dodge: Dodged            ||    60
